 Dungeon Crawl Stone Soup version 0.30-a0-937-ga0a21ad780 (webtiles) character file.

Game seed: 15571335202149388656

1033 Zenkrye the Spear-Bearer (level 8, -2/58 HPs)
             Began as a Human Cinder Acolyte on Mar 24, 2023.
             Was a High Priest of Ignis.
             Slain by an ogre
             ... wielding a +0 giant spiked club
              (25 damage)
             ... on level 6 of the Dungeon.
             The game lasted 00:10:39 (5345 turns).

Zenkrye the Spear-Bearer (Human Cinder Acolyte)     Turns: 5345, Time: 00:10:39

Health: -2/58      AC:  6    Str: 17    XL:     8   Next: 48%
Magic:  1/9        EV: 10    Int: 14    God:    Ignis [*****.]
Gold:   286        SH:  0    Dex:  9    Spells: 7/9 levels left

rFire   + . .      SeeInvis .    a - -1 spear (flame)
rCold   . . .      Faith    .    (no shield)
rNeg    . . .      Spirit   .    h - +0 ring mail
rPois   .          Reflect  .    (no helmet)
rElec   .          Rampage  .    (no cloak)
rCorr   .                        t - +0 pair of gloves
Will    +....                    (no boots) Stlth
                                 (no amulet)
HPRegen 0.29/turn                p - ring of willpower
MPRegen 0.11/turn                (no ring)

@: very slightly contaminated
A: no striking features
a: Renounce Religion, Fiery Armour, Foxfire Swarm, Rising Flame


You were on level 6 of the Dungeon.
You worshipped Ignis.
Ignis was extremely pleased with you.
You visited 1 branch of the dungeon, and saw 6 of its levels.

You collected 286 gold pieces.

Inventory:

Hand Weapons
 a - a -1 spear of flaming (weapon)
 k - a +0 spear
Missiles
 g - 2 poisoned darts
 w - 3 javelins (quivered)
Armour
 b - a +0 robe
 c - a +0 chain mail
 h - a +0 ring mail (worn)
 m - a +0 scale mail
 t - a +0 pair of gloves (worn)
Jewellery
 p - a ring of willpower (left hand)
 r - a ring of resist corrosion
 u - the ring "Ryshrikim" {rC- MP+9 Str+3 Dex+9}
   (You found it on level 6 of the Dungeon)

   [ring of magical power]

   Str:       It affects your strength (+3).
   Dex:       It affects your dexterity (+9).
   rC:        It makes you vulnerable to cold.
   MP:        It affects your magic capacity (+9).
Wands
 o - a wand of paralysis (4)
 s - a wand of digging (5) {@v1}
Scrolls
 f - a scroll of enchant weapon {unknown}
 i - a scroll of identify {@r1}
 x - a scroll of vulnerability {unknown}
Potions
 d - a potion of ambrosia
 e - a potion of might {@q4}
 j - 2 potions of attraction
 l - 2 potions of heal wounds {unknown}
 n - 2 potions of haste {@q3}
 q - a potion of berserk rage {unknown}
 v - a potion of mutation {unknown}


   Skills:
 - Level 3.0 Fighting
 + Level 9.9 Polearms
 - Level 1.0 Spellcasting
 - Level 3.0 Fire Magic


You had 7 spell levels left.
You knew the following spells:

 Your Spells              Type           Power      Damage    Failure   Level
a - Scorch                Fire           18%        2d5       22%         2

Your spell library contained the following spells:

 Spells                   Type           Power      Damage    Failure   Level
 Beastly Appendage        Tmut           0%         N/A       43%         1
 Slow                     Hex            0%         N/A       43%         1
 Static Discharge         Conj/Air       0%         2-2/arc   58%         2
 Wereblood                Tmut           0%         N/A       58%         2
 Confusing Touch          Hex            0%         N/A       82%         3
 Spider Form              Tmut/Pois      0%         N/A       82%         3
 Vampiric Draining        Necr           0%         2d6       82%         3
 Vhi's Electric Charge    Tloc/Air       0%         N/A       82%         3
 Arcjolt                  Conj/Air       0%         1d10      100%        5
 Plasma Beam              Fire/Air       2%         2x1d13    100%        5


Dungeon Overview and Level Annotations

Branches:
Dungeon (6/15)             Temple (0/1) D:4

Altars:

Shops:
D:4 *

Annotations:
D:3 2 transporters, epsilonplus's ghost, amateur GrEE
D:5 Dowan; Duvessa


Message History

Found a stone staircase leading down.
You now have 286 gold pieces (gained 18).
w - 2 javelins (gained 1)
w - 3 javelins (gained 1)
Found a stone staircase leading down.
An ogre comes into view. It is wielding a +0 giant spiked club.
The ogre shouts!
You hit the ogre but do no damage. You hit the ogre. You burn the ogre.
The ogre is lightly wounded.
The ogre hits you with a +0 giant spiked club!!!
Ouch! That really hurt!
Casting: Scorch (safe; 22% risk of failure)
Confirm with . or Enter, or press ? or * to list all spells.
Flames lash the ogre.
The ogre is moderately wounded.
The ogre's fire resistance burns away.
Casting: Scorch (safe; 22% risk of failure)
Confirm with . or Enter, or press ? or * to list all spells.
Flames lash the ogre.
The ogre is burned terribly!
The ogre is severely wounded.
The ogre closely misses you.
Casting: Scorch (safe; 22% risk of failure)
Confirm with . or Enter, or press ? or * to list all spells.
Flames lash the ogre.
The ogre is severely wounded.
The ogre closely misses you.
Unknown command.
Casting: Scorch (safe; 22% risk of failure)
Confirm with . or Enter, or press ? or * to list all spells.
You miscast Scorch.
You are very lightly contaminated with residual magic.
Nothing appears to happen.
Casting: Scorch (safe; 22% risk of failure)
Confirm with . or Enter, or press ? or * to list all spells.
You don't have enough magic to cast this spell.
You hit the ogre but do no damage.
The ogre is severely wounded.
The ogre hits you with a +0 giant spiked club!!
You die...

###......#
....##.###
##### .# ## #
#. # #. .# #.
.# #. ..#
###.####..#
#.>O@.....#
.....###....##
.#.# #.#.>#
#.###.#.....
#.....#.####.#
......##.##.#
.#### #.##.#
#.##.# #.##.#


You could see an ogre (combustible).

Vanquished Creatures
  A water moccasin (D:6)
  2 ice beasts
  A black bear (D:6)
  A phantom (D:6)
  2 scorpions (D:5)
  A hound (D:5)
  A jelly (D:5)
  A gnoll bouda (D:6)
  A sleepcap (D:6)
  Terence (D:3)
  Ijyb (D:3)
  2 iguanas
  2 orc wizards (D:5)
  4 gnolls (D:6)
  5 adders
  3 dart slugs
  A worm (D:3)
  13 orcs
  3 bats
  6 endoplasms
  3 giant cockroaches
  9 goblins
  6 hobgoblins
  4 jackals
  3 quokkas
  8 ball pythons
  2 frilled lizards
  6 kobolds
  4 rats
97 creatures vanquished.

Vanquished Creatures (others)
  An orc wizard (D:5)
  A plant (D:3)
2 creatures vanquished.

Grand Total: 99 creatures vanquished

Notes
Turn   | Place    | Note
-------+----------+-------------------------------------------
     0 | D:1      | Zenkrye the Human Cinder Acolyte began the quest for the
                  | Orb.
     0 | D:1      | Reached XP level 1. HP: 18/18 MP: 2/2
   268 | D:1      | Reached XP level 2. HP: 9/24 MP: 3/3
   271 | D:1      | Learned a level 2 spell: Scorch
   713 | D:2      | Reached skill level 4 in Polearms
   713 | D:2      | Reached XP level 3. HP: 28/29 MP: 4/4
  1168 | D:3      | Found a faded altar of an unknown god.
  1335 | D:3      | Found a transporter.
  1408 | D:3      | Noticed Terence
  1424 | D:3      | Killed Terence
  1425 | D:3      | Reached skill level 5 in Polearms
  1425 | D:3      | Reached XP level 4. HP: 15/35 MP: 1/5
  1565 | D:3      | Found a transporter.
  1568 | D:3      | Noticed epsilonplus's ghost (amateur GrEE)
  1681 | D:3      | Noticed Ijyb
  1696 | D:3      | Paralysed by Ijyb for 5 turns
  1704 | D:3      | Paralysed by Ijyb for 5 turns
  1715 | D:3      | Killed Ijyb
  1716 | D:3      | Reached XP level 5. HP: 14/41 MP: 1/6
  2675 | D:4      | Found Veusuny's Assorted Antiques.
  3031 | D:4      | Found a staircase to the Ecumenical Temple.
  3063 | D:5      | Entered Level 5 of the Dungeon
  3109 | D:5      | Reached skill level 6 in Polearms
  3109 | D:5      | Reached XP level 6. HP: 46/47 MP: 7/7
  3451 | D:5      | Reached skill level 7 in Polearms
  3622 | D:5      | Noticed Duvessa
  3743 | D:5      | Reached XP level 7. HP: 52/52 MP: 5/8
  3810 | D:5      | Noticed Dowan
  4246 | D:4      | HP: 2/52 [ice beast (5)]
  4255 | D:4      | Reached skill level 8 in Polearms
  4618 | D:6      | Identified the ring "Ryshrikim" {rC- MP+9 Str+3 Dex+9}
  4691 | D:6      | Noticed a water moccasin
  4694 | D:6      | Killed a water moccasin
  4695 | D:6      | Reached XP level 8. HP: 48/58 MP: 2/9
  4828 | D:6      | Reached skill level 9 in Polearms
  5345 | D:6      | Slain by an ogre

Illustrated notes

Levels and vault maps discovered:
D:1:      lemuel_arrival_rhombus, layout_rooms, minmay_misc_feat_ornament,
          dreamdust_mushroom_princess
D:2:      layout_rooms
D:3:      layout_basic, gammafunk_ghost_mausoleum, nicolae_ecumenical_pavilion,
          serial_bayou_crossing, uniq_ijyb, uniq_terence
D:4:      layout_gridville, minmay_temple_entry_fiery, serial_shops,
          nicolae_shop_crystal
D:5:      layout_loops_corners, minmay_misc_feat_encased, uniq_duvessa
D:6:      layout_loops_ring, uniq_pikel

Skill      XL: |  1  2  3  4  5  6  7  8 |
---------------+-------------------------+-----
Polearms       | 4 5 6 7 8 9 |  9.9
Fighting       | |  3.0
Spellcasting   | |  1.0
Fire Magic     | |  3.0

Action                     |  1- 3 |  4- 6 |  7- 9 || total
---------------------------+-------+-------+-------++-------
  Melee: Spear             |   182 |   154 |   132 ||   468
         Punch             |     2 |       |       ||     2
  Throw: Javelin           |       |     3 |     5 ||     8
   Cast: Scorch            |     3 |     9 |    25 ||    37
    Use: Scroll            |     4 |     6 |       ||    10
         Potion            |       |     3 |     2 ||     5
   Stab: Sleeping          |     1 |       |       ||     1
 Armour: Robe              |     9 |       |       ||     9
         Ring mail         |    24 |    32 |    24 ||    80
         Skin              |       |       |    10 ||    10
  Dodge: Dodged            |    58 |    36 |    49 ||   143

Table legend: (Time is in decaauts)
 A = Elapsed time spent in this place.
 B = Non-inter-level travel time spent in this place.
 C = Inter-level travel time spent in this place.
 D = Time resting spent in this place.
 E = Time spent auto-exploring this place.
 F = Levels seen in this place.
 G = Mean time per level.
                   A        B        C        D        E       F      G
               +--------+--------+--------+--------+--------+-----+--------+
         Total |   5270 |   5018 |    252 |    743 |   3201 |   6 |  878.3 |
       Dungeon |   5270 |   5018 |    252 |    743 |   3201 |   6 |  878.3 |
               +--------+--------+--------+--------+--------+-----+--------+

Top non-repeatable levels by time:
     D:3: 1158 daAuts
     D:5: 1147 daAuts
     D:4: 991 daAuts
     D:6: 816 daAuts
     D:1: 643 daAuts
     D:2: 512 daAuts
